 Dungeon Crawl Stone Soup version 0.25.0-41-g26779e291d (webtiles) character file.

Game seed: 13466518036530765786

118 Ethylacetat the Changer (level 5, 0/49 HPs)
             Began as an Octopode Transmuter on July 10, 2020.
             Succumbed to an orc's poison
             ... on level 3 of the Dungeon.
             The game lasted 00:04:42 (2448 turns).

Ethylacetat the Changer (Octopode Transmuter)       Turns: 2448, Time: 00:04:42

Health: 0/49       AC: 22    Str: 10    XL:     5   Next: 2%
Magic:  9/9        EV:  2    Int: 15    God:
Gold:   107        SH:  0    Dex: 13    Spells: 6/10 levels left

rFire    . . .     SeeInvis .     - Unarmed
rCold    . . .     Gourm    .   (no shield)
rNeg     + + +     Faith    .   (helmet currently unavailable)
rPois    +         Spirit   .   (no amulet)
rElec    .         Reflect  .   j - ring of teleportation (curse)
rCorr    .         Harm     .   (no ring)
MR       .....     NoTele   +   (no ring)
Stlth    +.........             (no ring)
HPRegen  0.16/turn              (no ring)
MPRegen  0.11/turn              (no ring)
                                (no ring)
                                (no ring)

@: lethally poisoned (0 -> -8), tree-form (expiring), stab
A: almost no armour, stealthy swim, (amphibious), 8 rings, (constrict 8)
a: no special abilities


You were on level 3 of the Dungeon.
You were very hungry.
You were a tree.
You visited 1 branch of the dungeon, and saw 3 of its levels.

You collected 107 gold pieces.

Inventory:

Missiles
 a - 50 arrows
 n - a throwing net (quivered)
Jewellery
 j - a cursed ring of teleportation (left branch)
 o - an uncursed amulet of faith
Scrolls
 h - 5 scrolls of teleportation {unknown}
 i - 2 scrolls of amnesia {unknown}
 k - a scroll of remove curse {unknown}
 l - 2 scrolls of identify {unknown}
 m - a scroll of magic mapping {unknown}
Potions
 b - 2 potions of lignification
 d - a potion of stabbing
Comestibles
 c - 5 rations


   Skills:
 - Level 1.0 Fighting
 - Level 2.0 Dodging
 - Level 3.0 Unarmed Combat
 + Level 3.0 Spellcasting
 * Level 3.9 Transmutations
 + Level 1.8 Poison Magic


You had 6 spell levels left.
You knew the following spells:

 Your Spells              Type           Power        Failure   Level  Hunger
a - Beastly Appendage     Tmut           ##....       4%          1    #......
b - Spider Form           Tmut/Pois      ##........   19%         3    ###....

Your spell library contained the following spells:

 Spells                   Type           Power        Failure   Level  Hunger
 Sticks to Snakes         Tmut           ##......     6%          2    ##.....
 Ice Form                 Ice/Tmut       #.......     65%         4    #####..
 Blade Hands              Tmut           ##........   73%         5    ######.


Dungeon Overview and Level Annotations

Branches:
Dungeon (3/15)

Altars:


Innate Abilities, Weirdness & Mutations

You cannot wear most types of armour.
You are very stealthy in the water. (Stealth+)
((You are amphibious.))
You can wear up to eight rings at the same time.
((You can use your tentacles to constrict eight enemies at once.))
((Your skin changes colour to match your surroundings (Stealth+).))
((Your rubbery body absorbs attacks. (AC +1, EV +1)))


Message History

* * * LOW HITPOINT WARNING * * *
You feel sick. The orc hits you but does no damage.
Unknown command.
Unknown command.
* * * LOW HITPOINT WARNING * * *
You feel sick. The orc hits you but does no damage.
Unknown command.
Unknown command.
Unknown command.
Unknown command.
* * * LOW HITPOINT WARNING * * *
You feel sick. The orc hits you but does no damage.
* * * LOW HITPOINT WARNING * * *
You feel sick. The orc hits you but does no damage.
* * * LOW HITPOINT WARNING * * *
You feel sick. The orc hits you but does no damage.
* * * LOW HITPOINT WARNING * * *
You feel sick. The orc hits you but does no damage.
Unknown command.
You die...

#. #.# #o## #.# #o.#
#.# ####.######
########.#
#......)..#
#........#
#.#..#.##.#
#.##.##.## #
#..#.##.# #.##<##.#
#....##o####.##.##.#
#.##....)♣......##.#
#. #.##.####.#####.#
........# #.......#
########## #########


You could see an orc.

Vanquished Creatures
  An adder (D:2)
  4 gnolls (D:2)
  4 worms
  2 dart slugs
  3 orcs (D:3)
  A ball python (D:2)
  4 bats
  5 goblins
  5 hobgoblins
  10 jackals
  6 kobolds
  A quokka (D:2)
  2 frilled lizards
  3 rats
51 creatures vanquished.

Notes
Turn   | Place    | Note
-------+----------+-------------------------------------------
     0 | D:1      | Ethylacetat the Octopode Transmuter began the quest for the
                  | Orb.
     0 | D:1      | Reached XP level 1. HP: 13/13 MP: 3/3
    26 | D:1      | Reached XP level 2. HP: 2/18 MP: 3/5
   997 | D:1      | Reached XP level 3. HP: 23/23 MP: 4/6
  1152 | D:1      | Learned a level 3 spell: Spider Form
  1393 | D:2      | Reached skill level 1 in Poison Magic
  1393 | D:2      | Reached XP level 4. HP: 14/28 MP: 6/8
  2420 | D:3      | Reached XP level 5. HP: 19/33 MP: 9/9
  2445 | D:3      | HP: 2/49 [poisoned by an orc]
  2448 | D:3      | Succumbed to an orc's poison

Illustrated notes

Levels and vault maps discovered:
D:1:      scummos_arrival_simple_crosswalls, layout_loops_cross,
          minmay_misc_feat_nine_boxes
D:2:      layout_basic
D:3:      layout_loops_cross, first_ration, chequers_ecumenical_altar_lobes

Skill      XL: |  1  2  3  4  5 |
---------------+----------------+-----
Transmutations | 3 |  3.9
Poison Magic   | 1 |  1.8
Spellcasting   | 3 |  3.0
Fighting       | |  1.0
Dodging        | |  2.0
Unarmed Combat | |  3.0

Action                   |  1- 3 |  4- 6 || total
-------------------------+-------+-------++-------
Melee: Unarmed           |    71 |    53 ||   124
       Constrict         |    23 |    15 ||    38
       Kick              |    16 |     9 ||    25
       Tentacles         |    13 |     9 ||    22
       Punch             |     1 |       ||     1
 Cast: Beastly Appendage |    14 |    10 ||    24
  Use: Potion            |       |     4 ||     4
 Stab: Sleeping          |       |     4 ||     4
  Eat: Chunk             |     2 |     2 ||     4
Armor: Skin              |     6 |    16 ||    22
Dodge: Dodged            |    50 |    28 ||    78
